 Dungeon Crawl Stone Soup version 0.29-a0-322-g68df515428 (webtiles) character file.

Game seed: 11841943032016339881

22 zishaf the Grasshopper (level 2, 23/23 HPs)
             Began as a Palentonga Warper on Apr 6, 2022.
             Was an Initiate of Ashenzari.
             Quit the game on level 1 of the Dungeon.
             The game lasted 00:02:23 (1041 turns).

zishaf the Grasshopper (Palentonga Warper)          Turns: 1041, Time: 00:02:24

Health: 23/23      AC:  4    Str: 14    XL:     2   Next: 68%
Magic:  5/5        EV:  9    Int: 13    God:    Ashenzari [......]
Gold:   13         SH:  0    Dex:  9    Spells: 5/5 levels left

rFire   . . .      SeeInvis +   a - +0 falchion "Share My Jealousy" {Elem, Melee} (curse)
rCold   . . .      Faith    .   (no shield)
rNeg    . . .      Spirit   .   b - +0 leather armour
rPois   .          Reflect  .   (no helmet)
rElec   .          Harm     .   (no cloak)
rCorr   .          Rampage  .   (no gloves)
Will    .....                   (no barding)
Stlth   +.........              (no amulet)
HPRegen 0.07/turn               (no ring)
MPRegen 0.09/turn               (no ring)

@: no status effects
A: large, rugged brown scales 3, see invisible, deformed body, roll 1, armoured
tail
a: Rolling Charge, Renounce Religion, Shatter the Chains


You were on level 1 of the Dungeon.
You worshipped Ashenzari.
Ashenzari was noncommittal.
You visited 1 branch of the dungeon, and saw 1 of its levels.

You collected 13 gold pieces.

Inventory:

Hand Weapons
 a - the cursed +0 falchion "Share My Jealousy" (weapon) {Elem, Melee}

   It has a curse which improves the following skills: Elements: Fire Magic, Ice
   Magic, Air Magic and Earth Magic.
   Melee Combat: Short Blades, Long Blades, Axes, Maces & Flails, Polearms,
   Staves and Unarmed Combat.
Missiles
 d - 7 boomerangs of dispersal (quivered)
Armour
 b - a +0 leather armour (worn)
Scrolls
 c - a scroll of blinking
 e - a scroll of magic mapping {unknown}
 g - 2 scrolls of teleportation {unknown}
 h - 2 scrolls of fear {unknown}
Potions
 f - 2 potions of haste {unknown}


   Skills:
 + Level 2.2 Fighting
 + Level 2.2(2.6) Long Blades
 + Level 1.0 Throwing
 + Level 1.1 Armour
 + Level 1.8 Dodging
 - Level 2.0 Spellcasting
 - Level 3.0 Translocations


You had 5 spell levels left.
You didn't know any spells.
Your spell library contained the following spells:

 Spells                   Type           Power      Damage    Failure   Level
 Blink                    Tloc           18%        N/A       14%         2
 Gell's Gravitas          Tloc           9%         N/A       26%         3
 Lesser Beckoning         Tloc           9%         N/A       26%         3
 Teleport Other           Tloc           9%         N/A       26%         3
 Manifold Assault         Tloc           9%         N/A       94%         5


Dungeon Overview and Level Annotations

Branches:
Dungeon (1/15)

Altars:
Ashenzari


Innate Abilities, Weirdness & Mutations

You are completely covered in rugged brown scales. (AC +3, +7% HP)
You have supernaturally acute eyesight. (SInv)
Armour fits poorly on your strangely shaped body.
You can roll at nearby foes to attack.
You have a long armoured tail.


Message History

No target in view!
You see here 22 stones.
Found 4 atropa-tipped darts.
Found an escape hatch in the floor.
There is a faded altar of an unknown god here.
You cannot tell which god this altar belongs to.
Convert to them anyway?
Ashenzari accepts your prayer! Ashenzari welcomes you!
Ashenzari warns you of distant threats and treasures.
Ashenzari reveals the structure of the dungeon to you.
Ashenzari shows you where magical portals lie.
Okay, then.
Ashenzari invites you to partake of a vision and a curse of elements and melee combat.
Okay, then.
Found a ring mail.
There is an escape hatch in the floor here.
Found a stone staircase leading down.
You see here a +0 ring mail.
A rat comes into view.
The rat twitches its whiskers.
There is a stone staircase leading down here.
You hit the rat but do no damage. The rat barely misses you.
You barely miss the rat. The rat bites you but does no damage.
You hit the rat.
You kill the rat!
No target in view!
There is a stone staircase leading down here.
Found 16 stones.
Your +0 falchion glows black for a moment.
You see here 16 stones.
You see here 16 stones.
You see here a rat corpse.
There is a stone staircase leading down here.
You see here a +0 ring mail.
There is an escape hatch in the floor here.
You see here 4 atropa-tipped darts.
Found a glowing hand axe.
Done exploring.
Done exploring.
Done exploring.
Done exploring.
Are you sure you want to abandon this character and quit the game? (Confirm with "yes".)

#.#....#.######.#.#.......#.#.#.
##.#.####.#......#.......#.#.#.#.
...........................#.#.#.
############.............#.#.#.#.
############.#####.#.###.###.#.#.
..'..........#..(............#...
<.##########.#.###.#.###.#######.
..##########.#..)#.#.###.# ##
'###.......#.###@#.#..##.#
'###.......#...#.#.##.##.#
...#.⌠.⌠.⌠.###.#.#.##..#.#
>..'.......# #.#.#.###.#.#
...#.......# #.#.#.# #.#.#
#####'###+## #.#.#.# #>#.#
#.....# #.#...# #.#.#
#.###.####.##### #...#
#..........# ##..#


There were no monsters in sight!

Vanquished Creatures
  A dart slug (D:1)
  3 bats (D:1)
  2 endoplasms (D:1)
  A giant cockroach (D:1)
  2 hobgoblins (D:1)
  2 jackals (D:1)
  A quokka (D:1)
  2 ball pythons (D:1)
  A kobold (D:1)
  3 rats (D:1)
18 creatures vanquished.

Notes
Turn   | Place    | Note
-------+----------+-------------------------------------------
     0 | D:1      | zishaf the Palentonga Warper began the quest for the Orb.
     0 | D:1      | Reached XP level 1. HP: 17/17 MP: 3/3
   137 | D:1      | Reached skill level 1 in Armour
   144 | D:1      | Reached XP level 2. HP: 15/23 MP: 5/5
   515 | D:1      | Reached skill level 1 in Throwing
   827 | D:1      | Found a faded altar of an unknown god.
   883 | D:1      | Prayed at the altar of an unknown god.
   883 | D:1      | Became a worshipper of Ashenzari the Shackled
  1041 | D:1      | Quit the game

Illustrated notes

Levels and vault maps discovered:
D:1:      dpeg_arrival_simpleton_b, layout_basic,
          chequers_ecumenical_altar_simple_redux, minmay_misc_feat_ornament

Skill      XL: |  1  2 |
---------------+-------+-----
Armour         | 1 |  1.1
Throwing       | 1 |  1.0
Fighting       | |  2.2
Long Blades    | |  2.2
Dodging        | |  1.8
Spellcasting   | |  2.0
Translocations | |  3.0

Action                   || total
-------------------------++-------
Melee: Falchion          ||    56
       Tailslap          ||     9
Invok: Curse Item        ||     1
Armor: Leather armour    ||    22
Dodge: Dodged            ||    25

Table legend: (Time is in decaauts)
 A = Elapsed time spent in this place.
 B = Non-inter-level travel time spent in this place.
 C = Inter-level travel time spent in this place.
 D = Time resting spent in this place.
 E = Time spent auto-exploring this place.
 F = Levels seen in this place.
 G = Mean time per level.
                   A        B        C        D        E       F      G
               +--------+--------+--------+--------+--------+-----+--------+
         Total |   1051 |   1036 |     15 |    290 |    611 |   1 | 1051.0 |
       Dungeon |   1051 |   1036 |     15 |    290 |    611 |   1 | 1051.0 |
               +--------+--------+--------+--------+--------+-----+--------+

Top non-repeatable levels by time:
     D:1: 1051 daAuts
